 Dungeon Crawl Stone Soup version 0.16.1-51-g6203257 (webtiles) character file.

274 Jb9000 the Shield-Bearer (level 6, -2/38 HPs)
             Began as a Gargoyle Fighter on July 2, 2015.
             Was a Follower of Dithmenos.
             Slain by an ogre
             ... wielding a +0 giant club
              (22 damage)
             ... on level 4 of the Dungeon.
             The game lasted 00:11:08 (2569 turns).

Jb9000 the Shield-Bearer (Gargoyle Fighter)         Turns: 2569, Time: 00:11:09

Health: -2/38      AC: 17    Str: 26    XL:     6   Next: 24%
Magic:  8/8        EV:  6    Int: 13    God:    Dithmenos [*.....]
Gold:   34         SH: 17    Dex: 10    Spells: 0 memorised, 7 levels left

rFire  + . .     SeeInvis .     q - +1 hand axe (chop)
rCold  . . .     Clarity  .     b - +0 scale mail
rNeg   + . .     SustAb   .     t - +2 large shield {rPois}
rPois  ∞         Gourm    .     h - +2 helmet
rElec  +         Spirit   .     (no cloak)
rCorr  .         Warding  .     g - +0 pair of gloves
rMut   .         Stasis   .     r - +0 pair of boots
MR     .....                    (no amulet)
Stlth  ..........               w - ring "Grea" {rF+ Str+6 Stlth-}
                                p - +4 ring of intelligence

@: wreathed by umbra, not resistant to hostile enchantments, extremely
unstealthy
A: negative energy resistance 1, electricity resistance, unbreathing,
petrification resistance, rot immunity, AC +4
a: Renounce Religion


You were on level 4 of the Dungeon.
You worshipped Dithmenos.
Dithmenos was aware of your devotion.
You were not hungry.

You visited 1 branch of the dungeon, and saw 4 of its levels.

You collected 184 gold pieces.
You spent 150 gold pieces at shops.

Inventory:

Hand weapons
 a - a +1 flail
 q - a +1 hand axe of chopping (weapon)
 v - a +1 falchion of electrocution
Missiles
 l - 80 arrows
Armour
 b - a +0 scale mail (worn)
 c - a +0 shield
 g - a +0 pair of gloves (worn)
 h - a +2 helmet (worn)
 r - a +0 pair of boots (worn)
 t - a +2 large shield of poison resistance (worn)
Jewellery
 p - a +4 ring of intelligence (left hand)
 w - the ring "Grea" (right hand) {rF+ Str+6 Stlth-}
   (You bought it in a shop on level 4 of the Dungeon)

   [ring of loudness]

   It affects your strength (+6).
   It protects you from fire.
   It makes you less stealthy.
Scrolls
 f - a scroll of teleportation {unknown}
 i - a scroll of blinking {unknown}
 k - a scroll of amnesia {unknown}
 s - a scroll of recharging {unknown}
 y - a scroll of identify
Potions
 e - 2 potions of might
 n - a potion of ambrosia
 o - a potion of heal wounds
 u - a potion of poison {unknown}
 x - a potion of restore abilities {unknown}
Comestibles
 d - 2 bread rations
 j - a meat ration
 m - 10 chunks of flesh


   Skills:
 + Level 4.2 Fighting
 + Level 0.8(1.6) Axes
 - Level 2.4(2.5) Maces & Flails
 + Level 4.0 Armour
 + Level 1.7 Dodging
 * Level 2.8 Stealth
 + Level 4.2 Shields
 + Level 1.1 Spellcasting


You had 7 spell levels left.
You didn't know any spells.

Dungeon Overview and Level Annotations

Branches:
Dungeon (4/15)
 Temple: D:4-7

Altars:
Ashenzari
Cheibriados
Dithmenos
Kikubaaqudgha
Makhleb
Ru
The Shining One

Shops:
D:4 *


Innate Abilities, Weirdness & Mutations

You are resistant to torment.
You are immune to poison.
Your stone body is very resilient (AC +4).
You resist negative energy.
You are resistant to electric shocks.
You can survive without breathing.
You are immune to petrification.
You are immune to rotting.


Message History

You block the ogre's attack.
You barely miss the ogre.
The ogre is moderately wounded.
You miss the phantom.
The phantom is severely damaged.
You block the phantom's attack. The ogre hits you with a giant club!!
The phantom hits you but does no damage.
You slash the ogre!
The ogre is heavily wounded.
You miss the phantom.
The phantom is severely damaged.
The ogre hits you but does no damage. The phantom barely misses you.
Some of the chunks of flesh in your inventory have rotted away.
You closely miss the ogre.
The ogre is heavily wounded.
Your shield prevents you from hitting the phantom.
The phantom is severely damaged.
You block the phantom's attack. The ogre hits you with a giant club!!
Ouch! That really hurt!
You die...

#.#....## .# .
......#...## .#
...
#....###...##.#...
###..###.#..#.#.#
#......)##.#...#
#..#####......#
#####.##.#.#
#.......WO.#
#........@.##
#...........##
#.....(......#
#.........<#..#
..<..........##.#
###....#####......
##.>.# ###.. #..<#
# #...#


You could see a phantom and an ogre.

Vanquished Creatures
  A hound (D:4)
  4 orc wizards
  An iguana (D:4)
  2 adders
  A giant mite (D:3)
  A worm (D:2)
  A giant gecko (D:2)
  2 oozes
  12 orcs
  2 ball pythons
  A giant cockroach (D:2)
  9 hobgoblins
  2 jackals (D:3)
  3 bats
  2 giant newts (D:3)
  11 goblins
  5 kobolds
  7 rats
67 creatures vanquished.

Notes
Turn   | Place    | Note
--------------------------------------------------------------
     0 | D:1      | Jb9000, the Gargoyle Fighter, began the quest for the Orb.
     0 | D:1      | Reached XP level 1. HP: 14/14 MP: 1/1
   538 | D:1      | Reached XP level 2. HP: 19/19 MP: 2/2
   809 | D:2      | Reached XP level 3. HP: 24/24 MP: 3/3
  1141 | D:2      | Reached skill level 4 in Shields
  1355 | D:3      | Reached XP level 4. HP: 20/29 MP: 4/4
  1702 | D:3      | Found a sacrificial altar of Ru.
  1704 | D:3      | Found a burning altar of Makhleb.
  1705 | D:3      | Found a shadowy altar of Dithmenos.
  1706 | D:3      | Found an ancient bone altar of Kikubaaqudgha.
  1707 | D:3      | Found a snail-covered altar of Cheibriados.
  1708 | D:3      | Found a glowing golden altar of the Shining One.
  1709 | D:3      | Found a shattered altar of Ashenzari.
  1714 | D:3      | Became a worshipper of Dithmenos the Shadowed
  1935 | D:3      | Reached skill level 1 in Stealth
  2081 | D:3      | Reached skill level 1 in Dodging
  2340 | D:4      | Found Maolemebu's Assorted Antiques.
  2347 | D:4      | Reached XP level 5. HP: 33/33 MP: 5/5
  2371 | D:4      | Reached skill level 1 in Spellcasting
  2456 | D:4      | Reached XP level 6. HP: 36/38 MP: 8/8
  2458 | D:4      | Bought a shimmering amber ring for 150 gold pieces
  2459 | D:4      | Identified the ring "Grea" {rF+ Str+6 Stlth-} (You bought it in a shop on level 4 of the Dungeon)
  2501 | D:4      | Noticed a phantom
  2560 | D:4      | Noticed an ogre
  2569 | D:4      | Slain by an ogre

Action                   |  1- 3 |  4- 6 || total
-------------------------+-------+-------++-------
Melee: Flail             |   126 |    51 ||   177
       Hand axe          |       |   146 ||   146
  Use: Potion            |     1 |     2 ||     3
       Scroll            |       |     2 ||     2
  Eat: Chunk             |     1 |     1 ||     2
       Fruit             |       |     3 ||     3
       Royal jelly       |       |     1 ||     1
